AoeStats
← Guitencule

Oasis

508246641Analyzed
3v3 RM · 12d ago on Sep 21, 2026· 87m 24s· 6 players
Game mode
Random Map
Map size
Normal (6 player)
Population
200
Speed
Normal
Resources
Standard
Victory
Conquest
Starting age
Dark Age
Ending age
Imperial Age
RankedLock teamsTeams togetherTeam positionsShared explorationLock speedFull tech treeHidden civsTurbo modeCheats
Victory
Defeat
🇫🇷 Japanese · France
786
+12
🇫🇷 Burgundians · France
775
+13
🇫🇷 Byzantines · France
684
+17
🇲🇩 Huns · Moldova
756
-16
🇲🇩 Sicilians · Moldova
684
-13
🇨🇱 Bohemians · Chile
672
-14
ELFIAKO
2:57 Loom
10:32 Feudal Age
11:03 Double-Bit Axe
11:01 Horse Collar
20:33 Castle Age
18:43 Stone Mining
20:08 Scale Barding Armor
20:14 Forging
21:33 Bow Saw
24:46 Gold Mining
25:30 Heavy Plow
31:49 Imperial Age
30:21 Iron Casting
30:53 Wheelbarrow
32:19 Fortified Wall
34:04 Chemistry
33:52 Chain Barding Armor
34:39 Ballistics
35:53 Gold Shaft Mining
35:29 Pikeman
36:23 Treadmill Crane
37:03 Hand Cart
37:31 Murder Holes
38:51 Conscription
39:12 Hoardings
40:22 Two-Man Saw
42:54 Plate Barding Armor
42:36 Logistica
43:28 Elite Cataphract
44:17 Halberdier
57:07 Arson
57:23 Squires
61:43 Caravan
62:14 Coinage
66:49 Scale Mail Armor
72:57 Bombard Tower
81:39 Banking
82:55 Chain Mail Armor
Alexaumax
14:25 Feudal Age
15:58 Wheelbarrow
15:06 Horse Collar
15:14 Double-Bit Axe
16:05 Man-at-Arms
24:19 Castle Age
24:55 Scale Barding Armor
25:00 Forging
24:54 Heavy Plow
25:27 Gold Mining
25:27 Stone Mining
25:19 Pikeman
26:42 Bow Saw
26:51 Cavalier
30:06 Crop Rotation
42:05 Imperial Age
42:28 Halberdier
44:45 Chemistry
44:49 Paladin
49:42 Chain Barding Armor
61:50 Hand Cart
78:04 Plate Barding Armor
78:06 Iron Casting
77:31 Scale Mail Armor
83:42 Elite Coustillier
Guitencule
0:27 Loom
14:07 Feudal Age
15:42 Double-Bit Axe
15:39 Horse Collar
15:47 Town Watch
17:33 Arson
18:52 Gold Mining
18:33 Man-at-Arms
26:06 Castle Age
27:45 Wheelbarrow
26:34 Crossbowman
28:44 Pikeman
29:10 Gambesons
29:26 Squires
29:39 Caravan
32:10 Hand Cart
36:46 Imperial Age
35:27 Forging
35:07 Fletching
35:24 Scale Barding Armor
35:19 Scale Mail Armor
40:24 Iron Casting
40:11 Chain Barding Armor
41:31 Fortified Wall
41:43 Elite Skirmisher
43:16 Conscription
43:11 Thumb Ring
45:15 Blast Furnace
44:17 Padded Archer Armor
44:54 Heavy Plow
45:08 Bow Saw
45:20 Capped Ram
48:35 Gold Shaft Mining
48:00 Bodkin Arrow
48:23 Chain Mail Armor
48:54 Kataparuto
48:46 Husbandry
48:58 Bloodlines
49:18 Long Swordsman
51:28 Ballistics
51:41 Plate Mail Armor
51:15 Bracer
54:16 Cavalier
55:05 Heavy Cavalry Archer
56:10 Parthian Tactics
62:38 Leather Archer Armor
66:03 Halberdier
66:20 Elite Samurai
66:35 Arbalester
69:14 Ring Archer Armor
69:24 Heavy Scorpion
86:46 Spies/Treason
crazyjonas796
1:51 Loom
7:29 Loom
12:09 Feudal Age
17:01 Double-Bit Axe
19:51 Wheelbarrow
20:53 Horse Collar
27:19 Castle Age
27:37 Scale Mail Armor
27:47 Scale Barding Armor
28:58 Hand Cart
31:20 Heavy Plow
31:33 Bow Saw
31:14 Town Watch
33:07 Light Cavalry
34:12 Chain Barding Armor
34:07 Chain Mail Armor
36:25 Forging
37:19 Squires
36:41 Pikeman
40:48 Imperial Age
40:06 Chemistry
39:27 Ballistics
42:53 Two-Man Saw
46:53 Halberdier
49:18 Iron Casting
49:15 Plate Mail Armor
51:50 Murder Holes
52:06 Masonry
53:13 Blast Furnace
55:17 Husbandry
56:27 Elite Skirmisher
57:01 Fletching
57:12 Padded Archer Armor
62:06 Hussite Reforms
iDomino
0:31 Loom
13:58 Feudal Age
17:41 Wheelbarrow
22:43 Horse Collar
22:52 Double-Bit Axe
27:50 Castle Age
26:57 Scale Mail Armor
27:56 Forging
30:10 Bow Saw
30:10 Heavy Plow
33:58 Chain Mail Armor
34:18 Iron Casting
35:33 Hand Cart
41:41 Imperial Age
41:21 Pikeman
42:01 Squires
41:47 Arson
43:06 Crop Rotation
42:49 Caravan
43:12 Gold Mining
43:12 Stone Mining
45:17 Elite Serjeant
48:30 Masonry
47:48 Crossbowman
49:16 Murder Holes
49:10 Arbalester
51:20 Chemistry
51:11 Ballistics
59:47 Halberdier
80:32 Plate Mail Armor
81:03 Blast Furnace
SleepyBear
0:29 Loom
12:34 Feudal Age
18:32 Double-Bit Axe
18:27 Horse Collar
25:18 Castle Age
24:52 Wheelbarrow
24:03 Town Watch
24:53 Stone Mining
24:53 Gold Mining
26:25 Bow Saw
26:21 Heavy Plow
33:10 Scale Mail Armor
33:32 Husbandry
38:16 Imperial Age
36:15 Scale Barding Armor
36:25 Chain Mail Armor
36:21 Forging
36:01 Fletching
37:22 Caravan
37:27 Marauders
37:55 Chain Barding Armor
37:46 Forging
38:21 Gold Shaft Mining
38:09 Bloodlines
37:21 Light Cavalry
39:40 Hand Cart
40:06 Squires
39:51 Arson
39:26 Pikeman
39:27 Man-at-Arms
40:45 Plate Barding Armor
40:46 Sappers
42:41 Two-Man Saw
42:31 Parthian Tactics
42:11 Thumb Ring
42:54 Iron Casting
42:14 Bodkin Arrow
42:20 Padded Archer Armor
42:13 Cavalier
42:15 Hussar
43:11 Capped Ram
44:29 Elite Tarkan
46:44 Blast Furnace
46:54 Bracer
47:09 Leather Archer Armor
48:48 Conscription
48:48 Atheism
49:58 Siege Ram
53:01 Coinage
54:29 Town Patrol
56:57 Elite Skirmisher
65:46 Crossbowman
72:48 Chemistry
71:44 Murder Holes
Connection lost

Rejoining the realm…

Still unreachable

The connection could not be restored.

Session expired

The server has moved on; the page needs a fresh start.